Map: Ruby Rock LE

Players

AnThOnYPERU

  • Race: Terran Terran
  • League: Platinum
  • Spawn Location: 11:00

SageCharlie - Winner!

  • Race: Protoss Protoss
  • League: Platinum
  • Spawn Location: 5:00

VOD

Have the link to the VOD?

Description

I could maybe finish it sooner, but after the BC Teleport, i had to.

Time

  • Played on: Feb. 17, 2026, 8:55 p.m.
  • Length: 19:18
Show
View Real Time Build Order
Export as new Build Order

AnThOnYPERU Terran 

Build Orders:  

Get SALT Encoding   

  12  0:01  SCV  
  13  0:13  SCV  
  14  0:20  Supply Depot  
  14  0:25  SCV  
  15  0:32  Refinery  
  15  0:47  Barracks  
  15  0:57  Refinery  
  15  1:14  Barracks  
  15  1:24  Barracks  
  15  1:31  Refinery  
  15  1:35  Reaper  
  15  1:46  SCV  
  16  2:02  Reaper  
  16  2:06  Supply Depot  
  17  2:09  Reaper  
  18  2:16  SCV  
  18  2:17  Reaper  
  20  2:28  SCV  
  21  2:40  SCV, Reaper  
  23  2:45  Reaper  
  24  2:51  Reaper  
  24  2:52  SCV  
  26  2:58  Supply Depot  
  26  3:04  SCV  
  27  3:12  Reaper  
  28  3:19  Reaper  
  29  3:24  Reaper  
  30  3:39  Orbital Command  
  30  3:44  Reaper  
  31  3:53  Reaper  
  31  3:56  Reaper  
  31  4:05  Factory  
  28  4:22  Reaper  
  27  4:26  Reaper  
  28  4:32  SCV  
  29  4:42  Reaper  
  30  4:50  Factory Tech Lab  
  30  4:55  Command Center  
  30  5:00  Marine x2  
  30  5:01  Bunker  
  32  5:16  Siege Tank  
  32  5:19  Marine x2  
  30  5:53  Siege Tank  
  32  6:05  Starport  
  32  6:08  Starport  
  32  6:14  Marine x3  
  34  6:46  Fusion Core  
  34  6:58  Supply Depot  
  34  6:59  Starport Tech Lab x2  
  34  7:06  Orbital Command  
  34  7:08  Refinery  
  34  7:09  Refinery  
  34  7:12  Engineering Bay  
  34  7:16  SCV  
  35  7:26  Supply Depot  
  35  7:33  SCV  
  35  7:36  Battlecruiser  
  42  7:45  SCV  
  43  7:56  Missile Turret  
  43  7:57  SCV  
  44  8:05  Battlecruiser  
  50  8:08  Marine x2  
  52  8:17  Sensor Tower  
  52  8:25  Marine x2  
  54  8:30  Barracks Reactor  
  54  8:46  Command Center  
  54  8:50  Weapon Refit  
  55  9:03  Siege Tank  
  52  9:18  Marine x3  
  55  9:47  Battlecruiser  
  49  10:05  Orbital Command  
  49  10:17  Battlecruiser  
  55  10:24  Marine x2  
  55  10:27  Barracks Reactor  
  57  10:37  Barracks Tech Lab  
  57  10:45  Marine x2  
  59  11:07  Marine x2  
  61  11:16  Missile Turret  
  61  11:35  Command Center  
  61  11:39  Battlecruiser  
  55  11:50  Orbital Command  
  55  12:04  Missile Turret  
  55  12:06  Siege Tank  
  58  12:09  Stimpack  
  58  12:28  Missile Turret  
  58  12:36  Refinery  
  58  12:45  Terran Infantry Weapons Level 1  
  58  12:52  Orbital Command  
  58  13:05  Refinery  
  58  13:11  Battlecruiser  
  58  13:12  Marine x4  
  68  13:21  Armory  
  68  13:28  Marine  
  68  13:30  Marine x3  
  72  13:49  Battlecruiser  
  78  13:59  Marine x3  
  78  14:00  Marine x2  
  83  14:08  Combat Shield  
  83  14:11  Terran Vehicle And Ship Armor Level 1, Supply Depot  
  83  14:32  Siege Tank  
  83  14:34  Supply Depot  
  86  14:56  Supply Depot  
  86  14:58  Battlecruiser  
  86  15:25  Barracks  
  86  15:27  Barracks  
  86  15:28  Barracks  
  86  15:49  Terran Infantry Weapons Level 2  
  86  16:04  Battlecruiser  
  92  16:32  Barracks Reactor x2  
  92  16:40  Barracks Reactor  
  92  16:42  Marine x2  
  92  16:43  Marine x3  
  91  17:16  Marine x3  
  91  17:17  Marine x8  
  102  17:34  Marine x5  
  102  17:35  Marine x2  
  38  18:56  Supply Depot  
  38  18:59  Supply Depot  
Show
View Real Time Build Order
Export as new Build Order

SageCharlie Protoss - Winner!

Build Orders:  

Get SALT Encoding   

  1  0:00  Probe  
  12  0:05  Probe  
  14  0:17  Pylon  
  14  0:19  Probe  
  15  0:35  Probe  
  15  0:36  Gateway  
  15  0:41  Assimilator  
  16  0:47  Probe  
  17  1:00  Probe  
  18  1:12  Probe  
  19  1:23  Cybernetics Core  
  19  1:31  Zealot  
  19  1:32  Pylon  
  21  1:41  Warp Gate  
  21  1:45  Nexus  
  21  1:57  Probe  
  21  1:59  Stalker  
  24  2:10  Shield Battery  
  24  2:17  Assimilator  
  24  2:29  Gateway  
  24  2:33  Twilight Council  
  24  2:44  Probe  
  25  2:56  Probe  
  25  2:57  Probe  
  27  2:59  Stalker  
  29  3:08  Probe  
  29  3:09  Probe  
  31  3:16  Stalker  
  31  3:37  Stalker  
  33  3:55  Stalker  
  34  3:57  Charge  
  34  4:14  Stalker  
  36  4:26  Zealot  
  38  4:44  Stalker  
  40  4:46  Probe  
  41  4:53  Stalker  
  41  4:56  Probe  
  41  4:58  Probe  
  45  5:07  Robotics Facility  
  45  5:08  Probe  
  45  5:10  Gateway  
  45  5:13  Gateway  
  46  5:15  Pylon  
  46  5:22  Pylon  
  46  5:25  Pylon  
  46  5:33  Probe x2  
  46  5:45  Probe x2  
  48  5:55  Pylon  
  48  6:01  Pylon  
  48  6:02  Blink  
  48  6:04  Pylon  
  48  6:06  Assimilator  
  48  6:09  Zealot x3  
  54  6:11  Assimilator  
  54  6:13  Observer  
  54  6:15  Probe x2  
  57  6:22  Shield Battery  
  57  6:27  Probe x2  
  59  6:39  Probe x2  
  61  6:42  Immortal  
  65  6:49  Stargate  
  65  6:51  Stargate  
  65  6:59  Forge  
  65  7:03  Probe x2  
  67  7:15  Probe x2  
  69  7:27  Probe  
  70  7:51  Stalker x3  
  72  7:52  Stalker  
  82  8:07  Probe  
  82  8:08  Probe  
  82  8:11  Void Ray  
  84  8:15  Protoss Ground Weapons Level 1  
  85  8:20  Probe  
  85  8:24  Immortal  
  89  8:43  Nexus  
  71  9:49  Stalker x3  
  71  9:50  Stalker  
  79  9:57  Probe  
  79  9:58  Probe  
  81  10:00  Probe  
  90  10:12  Void Ray x2, Probe  
  90  10:13  Protoss Air Weapons Level 1  
  91  10:22  Stalker  
  91  10:23  Stalker x3  
  91  10:24  Probe  
  91  10:28  Protoss Shields Level 1  
  100  10:29  Fleet Beacon  
  100  10:31  Probe  
  101  10:43  Probe  
  101  10:49  Photon Cannon  
  102  10:51  Photon Cannon  
  102  10:53  Photon Cannon  
  102  10:54  Shield Battery  
  102  10:55  Shield Battery  
  102  11:03  Photon Cannon  
  102  11:11  Probe  
  103  11:12  Photon Cannon  
  103  11:14  Photon Cannon  
  103  11:16  Flux Vanes  
  103  11:18  Photon Cannon  
  103  11:21  Photon Cannon  
  103  11:23  Probe, Pylon  
  103  11:25  Pylon  
  104  11:28  Pylon  
  104  11:31  Pylon  
  104  11:34  Pylon  
  102  11:42  Mothership  
  110  11:52  Shield Battery  
  110  11:55  Shield Battery  
  110  11:56  Shield Battery  
  110  12:01  Photon Cannon  
  110  12:02  Photon Cannon  
  110  12:04  Photon Cannon  
  110  12:05  Photon Cannon  
  110  12:09  Pylon x2  
  110  12:13  Protoss Air Weapons Level 2  
  114  12:20  Void Ray  
  114  12:27  Probe  
  115  12:39  Probe  
  115  12:42  Tempest  
  120  12:49  Zealot x3  
  126  12:51  Probe  
  127  13:11  Probe x2  
  127  13:12  Protoss Ground Weapons Level 2  
  129  13:13  Probe  
  129  13:15  Assimilator  
  129  13:19  Assimilator  
  130  13:23  Probe x2  
  130  13:25  Probe  
  133  13:28  Tempest x2  
  141  13:37  Probe  
  141  13:40  Probe x2  
  144  13:49  Probe  
  144  13:52  Probe x2  
  144  13:54  Photon Cannon  
  147  13:55  Photon Cannon  
  147  13:57  Photon Cannon  
  147  13:58  Shield Battery  
  147  14:00  Shield Battery  
  147  14:01  Probe  
  148  14:06  Unknown  
  147  14:54  Zealot x2  
  147  14:56  Zealot  
  147  14:57  Zealot  
  155  15:00  Immortal  
  158  15:17  Protoss Shields Level 2  
  158  15:22  Tempest  
  158  15:27  Protoss Air Weapons Level 3  
  162  15:30  Pylon  
  162  15:32  Pylon x2  
  162  15:39  Pylon  
  162  15:41  Probe  
  163  15:48  Tempest  
  167  15:53  Nexus, Probe  
  167  15:56  Assimilator, Photon Cannon  
  168  15:59  Photon Cannon  
  168  16:00  Assimilator  
  168  16:01  Photon Cannon  
  168  16:03  Photon Cannon  
  168  16:06  Probe, Tempest  
  173  16:15  Zealot  
  173  16:16  Zealot x3  
  181  16:29  Gateway  
  181  16:31  Tempest, Gateway x2  
  185  16:41  Gateway  
  185  16:43  Gateway  
  185  16:45  Gateway  
  185  17:39  Zealot x3  
  185  17:40  Zealot x4  
  185  17:41  Zealot  
  185  17:42  Zealot  
  171  19:05  Stalker  
  171  19:06  Stalker x4  
  171  19:07  Stalker x2  
Tags
 
Add a new tag
Caveats
  • Supply blocks, unpowered buildings, or Contaminate may cause inaccurate times.
  • Supply counts are checked every 10 seconds.